 Dungeon Crawl Stone Soup version 0.28-a0-10-g964c8b829e (webtiles) character file.

Game seed: 16562110364470461034

77 slep the Covered (level 4, 0/33 HPs)
             Began as a Demonspawn Wanderer on July 26, 2021.
             Slain by Blork the orc (3 damage)
             ... on level 3 of the Dungeon.
             The game lasted 00:07:11 (1366 turns).

slep the Covered (Demonspawn Wanderer)              Turns: 1366, Time: 00:07:12

Health: 0/33       AC:  2    Str: 14    XL:     4   Next: 14%
Magic:  2/5        EV: 11    Int: 13    God:
Gold:   17         SH:  0    Dex: 12    Spells: 2/5 levels left

rFire   . . .      SeeInvis .   h - +0 short sword (venom)
rCold   . . .      Faith    .   (no shield)
rNeg    . . .      Spirit   .   c - +0 robe
rPois   .          Reflect  .   (no helmet)
rElec   .          Harm     .   (no cloak)
rCorr   .          Rampage  .   (no gloves)
Will    .....                   (no boots)
Stlth   +.........              (no amulet)
HPRegen 0.11/turn               (no ring)
MPRegen 0.09/turn               (no ring)

@: no status effects
A: demonic magic 2
a: no special abilities


You were on level 3 of the Dungeon.
You visited 1 branch of the dungeon, and saw 4 of its levels.

You collected 17 gold pieces.

Inventory:

Hand Weapons
 a - a +0 hand crossbow
 d - a +0 hand axe
 h - a +0 short sword of venom (weapon)
 i - the +3 dagger "Mapim" {drain, Fly SInv Stlth+}
   (You found it on level 4 of the Dungeon)

   A truly terrible weapon, it drains the life of any living foe it strikes.
   SInv:      It lets you see invisible.
   Fly:       It grants you flight.
   Stlth:     It makes you more stealthy.
Missiles
 b - 19 bolts
Armour
 c - a +0 robe (worn)
Scrolls
 e - a scroll of amnesia {unknown}
 f - a scroll of holy word {unknown}
 g - 2 scrolls of identify {unknown}


   Skills:
 + Level 2.1 Fighting
 - Level 1.0 Crossbows
 + Level 4.1 Armour
 + Level 0.1 Dodging
 + Level 0.1 Stealth
 - Level 1.7 Shields
 + Level 1.0 Spellcasting
 - Level 1.0 Hexes
 - Level 1.0 Air Magic


You had 2 spell levels left.
You knew the following spells:

 Your Spells              Type           Power      Damage    Failure   Level
a - Magic Dart            Conj           0%         1d3       28%         1
b - Slow                  Hex            3%         N/A       28%         2

Your spell library contained the following spells:

 Spells                   Type           Power      Damage    Failure   Level
 Blink                    Tloc           N/A        N/A       38%         2
 Call Imp                 Summ           0%         N/A       38%         2
 Inner Flame              Hex/Fire       1%         N/A       56%         3
 Mephitic Cloud           Conj/Pois/Air  1%         N/A       58%         3
 Conjure Flame            Conj/Fire      0%         6-21      63%         3
 Cause Fear               Hex            1%         N/A       88%         4
 Discord                  Hex            1%         N/A       100%        8


Dungeon Overview and Level Annotations

Branches:
Dungeon (4/15)
 Temple: D:4-7

Altars:

Shops:
D:2 (

Annotations:
D:3 Blork the orc


Innate Abilities, Weirdness & Mutations

Spells you cast may paralyse nearby enemies.


Message History

You climb upwards.
There is a stone staircase leading down here.
Unknown command.
Cast which spell? (? or * to list)
You don't know that spell.
Cast which spell? (? or * to list)
Aiming: Magic Dart (safe; 28% risk of failure)
Press: ? - help, Shift-Dir - straight line, f - Blork the orc
Aim: Blork the orc, wielding a +0 long sword and wearing a +0 robe (fast, 100% to hit)
The magic dart hits Blork the orc.
Blork the orc is lightly wounded.
Malevolent energies surge around you.
Blork the orc begins to cast a cantrip, but forgets the words!
Blork the orc hits you with a +0 long sword!
* * * LOW HITPOINT WARNING * * *
Unknown command.
It was a potion of cancellation.
You feel magically purged. Blork the orc barely misses you.
Casting: Magic Dart (safe; 28% risk of failure)
Confirm with . or Enter, or press ? or * to list all spells.
You don't know that spell.
Unknown command.
Unknown command.
Casting: Magic Dart (safe; 28% risk of failure)
Confirm with . or Enter, or press ? or * to list all spells.
The spell is quite dangerous to cast (28% risk of failure)!
Continue anyway?
Aiming: Slow (quite dangerous; 28% risk of failure)
Press: ? - help, Shift-Dir - straight line, f/p - Blork the orc
Aim: Blork the orc, wielding a +0 long sword and wearing a +0 robe (lightly wounded, fast, chance to affect: 36%) Blork the orc easily resists.
Malevolent energies surge around you.
Blork the orc suddenly stops moving!
Blork the orc is no longer paralysed.
There is a stone staircase leading up here.
Blork the orc closely misses you.
Casting: Slow (quite dangerous; 28% risk of failure)
Confirm with . or Enter, or press ? or * to list all spells.
The spell is quite dangerous to cast (28% risk of failure)!
Continue anyway?
Okay, then.
Blork the orc hits you with a +0 long sword.
You die...

#.## #..# #... #..#
...# #..# #.#..#
#.#@.# #.#o.# #
#.#..#
.#############.#<.#
.............#.##.#.#
....########.#......#
...............>###.#
....########.#......#
....# #.#..#####.#


You could see Blork the orc (fast).

Vanquished Creatures
  A hound (D:4)
  2 adders
  A gnoll (D:2)
  A dart slug (D:3)
  A bat (D:2)
  2 endoplasms (D:3)
  2 giant cockroaches
  A goblin (D:3)
  A hobgoblin (D:1)
  A jackal (D:4)
  3 ball pythons
  3 kobolds
  2 rats (D:2)
21 creatures vanquished.

Vanquished Creatures (others)
  A fungus (D:2)
1 creature vanquished.

Grand Total: 22 creatures vanquished

Notes
Turn   | Place    | Note
-------+----------+-------------------------------------------
     0 | D:1      | slep the Demonspawn Wanderer began the quest for the Orb.
     0 | D:1      | slep set off with the following items: a +0 hand crossbow,
                  | 27 bolts, a +0 robe; and the following spell memorised:
                  | Magic Dart; and the following spells available to memorise:
                  | Slow, Blink, Call Imp, Mephitic Cloud, Conjure Flame
     0 | D:1      | Reached XP level 1. HP: 15/15 MP: 2/2
   253 | D:2      | Found Zideg's Weapon Emporium.
   267 | D:2      | Reached skill level 3 in Armour
   280 | D:2      | Gained mutation: Spells you cast may paralyse adjacent
                  | enemies. [demonic ancestry]
   280 | D:2      | Reached XP level 2. HP: 8/21 MP: 3/3
   707 | D:4      | Noticed Blork the orc
   739 | D:3      | Gained mutation: Spells you cast may paralyse nearby
                  | enemies. [demonic ancestry]
   739 | D:3      | Reached XP level 3. HP: 26/26 MP: 4/4
   746 | D:3      | Learned a level 2 spell: Slow
   852 | D:4      | HP: 1/26 [adder (3)]
  1166 | D:4      | Reached skill level 4 in Armour
  1166 | D:4      | Reached XP level 4. HP: 22/33 MP: 5/5
  1318 | D:4      | Identified the +3 dagger "Mapim" {drain, Fly SInv Stlth+}
  1366 | D:3      | Slain by Blork the orc

Illustrated notes

Levels and vault maps discovered:
D:1:      onia_arrival_mini_maze_b, layout_rooms, st_stairs_7
D:2:      layout_basic, serial_corexii_hall, chequers_hall_statues_y,
          corexii_hall_statues_l, corexii_hall_statues_x, serial_shops,
          nicolae_diamond_shop, shapermc_ecumenical_altar_mp_urbaneastern
D:3:      cheibrodos_thug_alley, layout_basic, uniq_jessica
D:4:      layout_rooms, uniq_crazy_yiuf_cottage, uniq_blork_the_orc

Skill      XL: |  1  2  3 |
---------------+----------+-----
Armour         | 3 4 |  4.1
Fighting       | 2 |  2.1
Crossbows      | |  1.0
Dodging        | |  0.1
Stealth        | |  0.1
Shields        | |  1.7
Spellcasting   | |  1.0
Hexes          | |  1.0
Air Magic      | |  1.0

Action                   |  1- 3 |  4- 6 || total
-------------------------+-------+-------++-------
Melee: Hand axe          |     2 |       ||     2
       Short sword       |    24 |     4 ||    28
 Fire: Hand crossbow     |    46 |       ||    46
 Cast: Magic Dart        |       |     1 ||     1
       Slow              |       |     1 ||     1
  Use: Potion            |       |     1 ||     1
Armor: Robe              |     5 |     1 ||     6
Dodge: Dodged            |    28 |    15 ||    43

Table legend: (Time is in decaauts)
 A = Elapsed time spent in this place.
 B = Non-inter-level travel time spent in this place.
 C = Inter-level travel time spent in this place.
 D = Time resting spent in this place.
 E = Time spent auto-exploring this place.
 F = Levels seen in this place.
 G = Mean time per level.
                   A        B        C        D        E       F      G
               +--------+--------+--------+--------+--------+-----+--------+
         Total |   1391 |   1391 |      0 |    399 |    589 |   4 |  347.8 |
       Dungeon |   1391 |   1391 |      0 |    399 |    589 |   4 |  347.8 |
               +--------+--------+--------+--------+--------+-----+--------+

Top non-repeatable levels by time:
     D:3: 597 daAuts
     D:2: 482 daAuts
     D:1: 232 daAuts
     D:4: 79 daAuts
